 Dungeon Crawl Stone Soup version 0.25-a0-589-g1e14c54 (webtiles) character file.

Game seed: 18204469817456396601, levelgen mode: deterministic

18883 BlueFish the Carver (level 12, -2/110 HPs)
             Began as a Minotaur Fighter on Mar 9, 2020.
             Was a Priest of Yredelemnul.
             Hit by a javelin thrown by Urug (15 damage)
             ... on level 13 of the Dungeon.
             The game lasted 00:22:56 (11106 turns).

BlueFish the Carver (Minotaur Fighter)             Turns: 11106, Time: 00:22:57

Health: -2/110     AC: 20    Str: 22    XL:     12   Next: 31%
Magic:  14/14      EV:  8    Int:  5    God:    Yredelemnul [***...]
Gold:   433        SH:  0    Dex: 14    Spells: 11/11 levels left

rFire    + . .     SeeInvis +   a - +1 long sword
rCold    . . .     Gourm    .   k - +0 buckler
rNeg     . . .     Faith    .   I - +0 plate armour
rPois    .         Spirit   .   (helmet restricted)
rElec    .         Reflect  .   o - +0 cloak
rCorr    .         Harm     .   y - +0 pair of gloves
MR       .....                  t - +1 pair of boots
Stlth    ..........             (no amulet)
HPRegen  0.28/turn              G - ring of protection from fire
MPRegen  0.14/turn              u - ring of see invisible

@: confused, mighty
A: retaliatory headbutt, horns 2
a: Recall Undead Slaves, Injury Mirror, Animate Dead, Renounce Religion


You were on level 13 of the Dungeon.
You worshipped Yredelemnul.
Yredelemnul was most pleased with you.
You were not hungry.

You visited 2 branches of the dungeon, and saw 13 of its levels.
You also visited: Ossuary.

You collected 433 gold pieces.

Inventory:

Hand Weapons
 a - a +1 long sword (weapon)
 w - a +1 dagger of venom
 D - a cursed -2 falchion
 F - the +12 falchion "Ynty" {holy, rF- rN+++ Dex+4 Stlth-}
   (You found it on level 6 of the Dungeon)

   It has been blessed by the Shining One to cause great damage to the undead
   and demons.
   It affects your dexterity (+4).
   It makes you vulnerable to fire.
   It renders you almost immune to negative energy.
   It makes you less stealthy.
   Yredelemnul disapproves of the use of such an item.
Armour
 c - a +0 kite shield
 k - a +0 buckler (worn)
 o - a +0 cloak (worn)
 t - a +1 pair of boots (worn)
 y - a +0 pair of gloves (worn)
 I - a +0 plate armour (worn)
Jewellery
 q - a +2 ring of strength
 u - a ring of see invisible (right hand)
 G - a ring of protection from fire (left hand)
Wands
 E - a wand of enslavement (5)
 M - a wand of acid (2)
 N - a wand of paralysis (1)
 O - a wand of iceblast (6)
Scrolls
 b - a scroll of enchant weapon
 i - 5 scrolls of teleportation
 v - 9 scrolls of remove curse
 x - a scroll of enchant armour
 A - a scroll of fear
 B - 2 scrolls of blinking
 J - 2 scrolls of magic mapping
Potions
 d - a potion of might
 e - 2 potions of curing
 h - 4 potions of heal wounds
 j - a potion of lignification
 m - 2 potions of cancellation
 n - a potion of resistance
 p - 4 potions of berserk rage
 r - 2 potions of brilliance
 s - a potion of magic
 z - 3 potions of stabbing
 L - a potion of haste
Comestibles
 f - 18 rations
 H - 3 chunks of flesh


   Skills:
 * Level 11.6 Fighting
 + Level 0.1(9.0) Short Blades
 * Level 14.7 Long Blades
 * Level 11.7 Armour
 + Level 2.6 Dodging
 * Level 9.2 Shields
 * Level 4.9 Invocations


You had 11 spell levels left.
You didn't know any spells.
Your spell library contained the following spells:

 Spells                   Type           Power        Failure   Level  Hunger
 Corona                   Hex            #......      99%         1    ##.....
 Sandblast                Erth           #.....       99%         1    ##.....
 Summon Small Mammal      Summ           #...         99%         1    ##.....
 Call Imp                 Summ           #.......     100%        2    ###....
 Passwall                 Tmut/Erth      #.......     100%        2    ###....
 Slow                     Hex            #.......     100%        2    ###....
 Call Canine Familiar     Summ           #.......     100%        3    ####...
 Inner Flame              Hex/Fire       #.......     100%        3    ####...
 Portal Projectile        Hex/Tloc       #.....       100%        3    ####...
 Stone Arrow              Conj/Erth      #.....       100%        3    ####...
 Summon Guardian Golem    Hex/Summ       #.......     100%        3    ####...
 Cause Fear               Hex            #.........   100%        4    #####..
 Leda's Liquefaction      Hex/Erth       #.........   100%        4    #####..
 Petrify                  Tmut/Erth      #.......     100%        4    #####..
 Summon Ice Beast         Ice/Summ       #.......     100%        4    #####..
 Summon Lightning Spire   Summ/Air       #.......     100%        4    #####..
 Lee's Rapid Deconstruct  Erth           #.........   100%        5    ######.


Dungeon Overview and Level Annotations

Branches:
Dungeon (11/15)            Temple (1/1) D:4            Lair (0/6) D:10
    Orc (0/2) D:10        Ossuary (visited)

Altars:
Ashenzari
Cheibriados
Dithmenos
Elyvilon
Fedhas
Gozag
Hepliaklqana
Kikubaaqudgha
Makhleb
Nemelex Xobeh
Okawaru
Qazlal
Ru
Sif Muna
Trog
Uskayaw
Vehumet
Wu Jian
Xom
Yredelemnul
Zin
The Shining One

Shops:
D:7 :

Annotations:
D:13 Urug


Innate Abilities, Weirdness & Mutations

You reflexively headbutt those who attack you in melee.
You have a pair of horns on your head.


Message History

An efreet comes into view.
It is wielding a +3 scimitar of flaming.
You block the komodo dragon's attack. You block the human's attack.
The human hits you.
You are confused.
You feel invigorated. The ogre hits you but does no damage.
The komodo dragon bites you!!
* * * LOW HITPOINT WARNING * * *
The human barely misses you. The human hits you but does no damage.
A necrophage comes into view.
The ogre hits you but does no damage. The komodo dragon bites you!
* * * LOW HITPOINT WARNING * * *
Found 5 gold pieces.
You're too confused!
Urug hits you with a +0 scimitar of protection.
* * * LOW HITPOINT WARNING * * *
The komodo dragon barely misses you.
Found 2 javelins.
Urug throws a javelin.
The javelin pierces through you!
You die...
Your body rises from the dead as a mindless zombie.

#!..#. .... ...
##....##.... ....
...........
....###..........
.....#...........
........$..n.....
...............! .
#..O.@.......
....###.p.......(.
......)plo........
.....p).).........
...............$..
.........p........
...R........#.....
..°.....#####.....
.°....... ...


You could see Urug, a komodo dragon, an efreet, 4 humans, an ogre and a
necrophage.

Vanquished Creatures
  Harold (D:7)
  3 two-headed ogres
  A dancing weapon (D:8)
  3 death yaks (D:10)
  The ghost of chickenBob the Changer, a novice DgTm (D:8)
  An unseen horror (D:10)
  An ugly thing (D:13)
  A cyclops (D:10)
  Maurice (D:9)
  Maggie (D:7)
  3 polar bears (D:9)
  A hippogriff (D:8)
  14 yaks
  A steam dragon (D:10)
  A hungry ghost (D:8)
  5 orc warriors
  3 black bears
  A hornet zombie (D:10)
  3 sky beasts
  A phantom (D:8)
  8 ice beasts
  6 ogres
  3 wolves (D:9)
  7 centaurs
  A big kobold (D:9)
  2 bullfrogs
  A wyvern skeleton (D:10)
  8 scorpions
  8 killer bees
  7 howler monkeys
  2 electric eels (D:9)
  2 bullfrog zombies
  3 centaur zombies
  2 human zombies (Ossuary)
  3 quasits
  10 crimson imps
  2 hounds
  5 jellies
  3 iron imps (D:6)
  5 orc priests
  7 orc wizards
  Crazy Yiuf (D:3)
  2 bullfrog skeletons (D:4)
  4 centaur skeletons
  5 iguanas
  7 worker ants
  2 killer bee zombies
  A centaur simulacrum (D:9)
  2 big kobold zombies (Ossuary)
  2 hound zombies (D:5)
  2 mummies (Ossuary)
  2 hound skeletons
  A howler monkey zombie (D:8)
  A worker ant zombie (D:5)
  12 gnolls
  12 adders
  2 white imps (D:9)
  3 ufetubi (D:9)
  An ooze (D:3)
  An adder zombie (Ossuary)
  An adder skeleton (D:9)
  3 worms
  A dart slug (D:5)
  4 leopard geckos
  27 orcs
  A ball python (D:3)
  12 bats
  11 giant cockroaches
  9 hobgoblins
  16 jackals
  13 kobolds
  7 quokkas
  7 frilled lizards
  9 goblins
  3 goblin zombies (Ossuary)
  11 hobgoblin zombies (Ossuary)
  A jackal zombie (Ossuary)
  9 kobold zombies (Ossuary)
  7 orc zombies (Ossuary)
  8 rats
  A rat zombie (Ossuary)
366 creatures vanquished.

Vanquished Creatures (collateral kills)
  A hydra (D:11)
  A yak (D:11)
  A hungry ghost (D:11)
  2 orc warriors (D:10)
  A bullfrog (D:10)
  A water moccasin skeleton (D:10)
  A centaur zombie (D:10)
  An orc wizard (D:10)
  A gnoll shaman (D:10)
  A gnoll (D:10)
  A hound simulacrum (D:9)
  2 orcs (D:10)
14 creatures vanquished.

Vanquished Creatures (others)
  A death yak zombie (D:10)
  A crimson imp (D:9)
  A centaur skeleton (D:10)
  A black bear skeleton (D:10)
  An orc wizard (D:3)
  A scorpion zombie (D:10)
  A shadow imp (D:9)
  A steam dragon skeleton (D:10)
  2 adder skeletons (D:11)
  A jackal (D:9)
  A gnoll skeleton (D:10)
  2 orc skeletons (D:10)
14 creatures vanquished.

Grand Total: 394 creatures vanquished

Notes
Turn   | Place    | Note
-------+----------+-------------------------------------------
     0 | D:1      | BlueFish the Minotaur Fighter began the quest for the Orb.
     0 | D:1      | Reached XP level 1. HP: 19/19 MP: 0/0
   113 | D:1      | Reached XP level 2. HP: 25/27 MP: 1/1
   437 | D:1      | You fall into a shaft and drop 1 floor!
   464 | D:2      | Reached XP level 3. HP: 19/33 MP: 2/2
   838 | D:1      | Reached skill level 3 in Long Blades
  1250 | D:2      | Reached XP level 4. HP: 36/41 MP: 3/3
  1421 | D:2      | Found a snail-covered altar of Cheibriados.
  1482 | D:2      | Found a shadowy altar of Dithmenos.
  1606 | D:2      | Found a blossoming altar of Fedhas.
  1685 | D:2      | Found a shimmering blue altar of Sif Muna.
  2020 | D:3      | Found a runed translucent door.
  2021 | D:3      | Noticed Crazy Yiuf
  2114 | D:3      | Reached skill level 5 in Armour
  2353 | D:3      | Found an ornate altar of the Wu Jian Council.
  2387 | D:3      | Reached skill level 4 in Long Blades
  2751 | D:3      | Noticed a centaur
  2757 | D:3      | Reached XP level 5. HP: 45/47 MP: 4/4
  2765 | D:3      | Killed a centaur
  3017 | D:3      | Reached XP level 6. HP: 52/55 MP: 5/5
  3024 | D:3      | Reached skill level 5 in Fighting
  3024 | D:3      | Reached skill level 5 in Long Blades
  3259 | D:3      | Killed Crazy Yiuf
  3608 | D:4      | Reached skill level 1 in Dodging
  3777 | D:4      | Reached XP level 7. HP: 29/61 MP: 6/6
  3982 | D:4      | Reached skill level 6 in Long Blades
  4470 | D:4      | Found a staircase to the Ecumenical Temple.
  4482 | Temple   | Entered the Ecumenical Temple
  4765 | D:5      | Entered Level 5 of the Dungeon
  4854 | D:5      | Reached skill level 7 in Long Blades
  4925 | D:5      | Reached XP level 8. HP: 63/70 MP: 7/7
  4933 | D:5      | Reached skill level 5 in Shields
  5042 | D:5      | Noticed an air elemental
  5044 | D:5      | Found a stormy altar of Qazlal.
  5063 | D:5      | Reached skill level 8 in Long Blades
  5096 | D:5      | Found a sand-covered staircase.
  5105 | Ossuary  | Entered an ossuary
  5869 | D:6      | Reached skill level 9 in Long Blades
  6110 | D:6      | Reached XP level 9. HP: 71/79 MP: 8/8
  6294 | D:6      | Found a burning altar of Makhleb.
  6389 | D:6      | Reached skill level 10 in Long Blades
  6396 | D:6      | Got a brightly glowing falchion
  6397 | D:6      | Identified the +12 falchion "Ynty" {holy, rF- rN+++ Dex+4
                  | Stlth-} (You found it on level 6 of the Dungeon)
  6479 | D:7      | Found Juwaenk's Book Shop.
  6597 | D:7      | Noticed Maggie
  6606 | D:7      | Killed Maggie
  6621 | D:7      | Noticed Harold
  6638 | D:7      | Killed Harold
  6638 | D:7      | Reached skill level 11 in Long Blades
  6716 | D:7      | Found a shimmering altar of Xom.
  6717 | D:7      | Found a shimmering altar of Xom.
  6717 | D:7      | Found a shimmering altar of Xom.
  7256 | D:8      | Reached XP level 10. HP: 86/90 MP: 9/9
  7351 | D:8      | Found a shattered altar of Ashenzari.
  7352 | D:8      | Found an ancient bone altar of Kikubaaqudgha.
  7352 | D:8      | Found a bloodstained altar of Trog.
  7353 | D:8      | Found an opulent altar of Gozag.
  7371 | D:8      | Reached skill level 12 in Long Blades
  7455 | D:8      | Found a runed translucent door.
  7455 | D:8      | Found a shimmering altar of Xom.
  7455 | D:8      | Noticed a +3 whip of chaos
  7455 | D:8      | Noticed chickenBob's ghost (novice DgTm)
  7459 | D:8      | Killed a +3 whip of chaos
  7466 | D:8      | Killed chickenBob's ghost
  7589 | D:8      | Noticed a two-headed ogre
  7596 | D:8      | Killed a two-headed ogre
  7596 | D:8      | Reached skill level 13 in Long Blades
  8175 | D:9      | Reached XP level 11. HP: 89/99 MP: 10/10
  8204 | D:9      | Noticed a two-headed ogre
  8210 | D:9      | Killed a two-headed ogre
  8210 | D:9      | Reached skill level 10 in Fighting
  8324 | D:9      | Found a stormy altar of Qazlal.
  8324 | D:9      | Found a glowing golden altar of the Shining One.
  8324 | D:9      | Noticed Maurice
  8325 | D:9      | Found a basalt altar of Yredelemnul.
  8334 | D:9      | Killed Maurice
  8334 | D:9      | Reached skill level 14 in Long Blades
  8352 | D:9      | Became a worshipper of Yredelemnul the Dark
  8522 | D:9      | Reached skill level 10 in Armour
  8526 | D:9      | Paralysed by a crimson imp for 6 turns
  8847 | D:9      | Reached * piety under Yredelemnul
  9141 | D:9      | Reached skill level 1 in Invocations
  9399 | D:10     | Entered Level 10 of the Dungeon
  9579 | D:10     | Noticed a death yak
  9579 | D:10     | Found a staircase to the Lair.
  9579 | D:10     | Noticed a death yak
  9579 | D:10     | Noticed a death yak
  9600 | D:10     | Killed a death yak
  9607 | D:10     | Killed a death yak
  9620 | D:10     | Killed a death yak
  9620 | D:10     | Reached ** piety under Yredelemnul
 10134 | D:10     | Noticed an unseen horror
 10144 | D:10     | Killed an unseen horror
 10144 | D:10     | Reached XP level 12. HP: 108/110 MP: 13/13
 10573 | D:10     | Found a staircase to the Orcish Mines.
 10884 | D:11     | Noticed a two-headed ogre
 10893 | D:11     | Killed a two-headed ogre
 10992 | D:11     | Found a sacrificial altar of Ru.
 11037 | D:11     | Noticed a five-headed hydra
 11046 | D:11     | Killed a five-headed hydra
 11046 | D:11     | Reached *** piety under Yredelemnul
 11084 | D:11     | You fall into a shaft and drop 2 floors!
 11093 | D:13     | Noticed Urug
 11106 | D:13     | Hit by a javelin thrown by Urug

Levels and vault maps discovered:
D:1:      heliophobic_arrival_battle_scene, layout_basic, st_stairs_9
D:2:      layout_loops_ring, nicolae_dithmenos_through_a_glass_darkly,
          lemuel_blue_sif_altar, old_standard_altar, fedhas_ov_isle_minmay
D:3:      layout_loops_ring, overflow_temple_1_default, first_ration,
          kennysheep_generic_room_2, uniq_crazy_yiuf_cottage
D:4:      layout_loops_ring, minmay_temple_entry_poolview, minmay_misc_feat_chi
D:5:      layout_cave_pools, lightli_ossuary_entry_decrepit_ruins,
          chequers_big_river, serial_bayou_pond_c,
          nicolae_qazlal_style_of_elements
D:6:      layout_basic, demons_altar, minmay_diced_spiral
D:7:      layout_rooms, xom_redecorated, serial_shops, nicolae_shop_trees,
          uniq_maggie, uniq_harold
D:8:      layout_cave_pods, chequers_temple_overflow_statue_of_worship,
          ebering_ghost_xom, grunt_pizzeria
D:9:      layout_basic, grunt_temple_overflow_open, serial_ice, serial_ice_k,
          serial_ice_a, serial_ice_m, serial_ice_g, serial_ice_o, serial_ice_c,
          serial_ice_n, serial_ice_e, serial_ice_b, serial_ice_f, uniq_maurice
D:10:     layout_loops_cross, dpeg_lair_monsters, david_orc_4
D:11:     layout_stronghold, basic_altar, serial_shops, shop, worms_lemuel
D:13:     layout_cave_pools, david_vaults_3, trove_entry_hex_spiral
Temple:   jpeg_temple_island

Skill      XL: |  1  2  3  4  5  6  7  8  9 10 11 12 |
---------------+-------------------------------------+-----
Fighting       | 4 5 6 7 8 9 11 | 11.6
Armour         | 4 5 6 7 8 9 11 | 11.7
Long Blades    | 3 4 5 7 9 11 13 14 | 14.7
Shields        | 4 5 6 7 9 |  9.2
Dodging        | 1 2 |  2.6
Invocations    | 3 4 |  4.9
Short Blades   | |  0.1

Action                   |  1- 3 |  4- 6 |  7- 9 | 10-12 || total
-------------------------+-------+-------+-------+-------++-------
Melee: Long sword        |    99 |   159 |   236 |   361 ||   855
       Headbutt          |     8 |    22 |    84 |   145 ||   259
       Falchion          |       |       |    53 |   138 ||   191
       Dagger            |       |       |       |     6 ||     6
Invok: Animate Remains   |       |       |       |    38 ||    38
       Recall Undead Sla |       |       |       |     3 ||     3
       Animate Dead      |       |       |       |     1 ||     1
  Use: Scroll            |       |    10 |     4 |     9 ||    23
       Potion            |       |       |       |     4 ||     4
 Stab: Distracted        |       |       |       |     1 ||     1
  Eat: Chunk             |     1 |     8 |    12 |    27 ||    48
Armor: Scale mail        |    71 |    74 |    89 |       ||   234
       Plate armour      |       |       |     9 |   231 ||   240
Dodge: Dodged            |    64 |    81 |   134 |   141 ||   420
Block: Buckler           |       |    16 |    50 |   117 ||   183
       Rpst.: Long sword |    17 |    14 |    39 |    25 ||    95
       Falchion          |       |       |     4 |     9 ||    13

Table legend:
 A = Non-vault XP
 B = Vault XP
 C = Vault XP percentage of total XP
 D = Non-vault monster count
 E = Vault monster count
 F = Vault count percentage of total count
                 A         B        C        D         E       F
            +---------+---------+-------+---------+---------+-------
      Total |   15477 |   11500 |  42.6 |     276 |     105 |  27.6
            +---------+---------+-------+---------+---------+-------
        D:1 |      43 |       3 |   6.5 |      27 |       2 |   6.9
        D:2 |      81 |       0 |   0.0 |      27 |       0 |   0.0
        D:3 |     320 |      41 |  11.4 |      26 |       2 |   7.1
        D:4 |     639 |       0 |   0.0 |      31 |       0 |   0.0
        D:5 |     809 |       0 |   0.0 |      19 |       0 |   0.0
        D:6 |     844 |     269 |  24.2 |      21 |       8 |  27.6
        D:7 |     399 |    1400 |  77.8 |       8 |       2 |  20.0
        D:8 |    2713 |    1823 |  40.2 |      25 |       3 |  10.7
        D:9 |    2792 |    3090 |  52.5 |      42 |      21 |  33.3
       D:10 |    3134 |    4658 |  59.8 |      33 |      28 |  45.9
       D:11 |    3048 |       0 |   0.0 |      13 |       0 |   0.0
       D:13 |     655 |       0 |   0.0 |       4 |       0 |   0.0
    Ossuary |       0 |     216 | 100.0 |       0 |      39 | 100.0
            +---------+---------+-------+---------+---------+-------
